 Dungeon Crawl Stone Soup version 0.29-a0-541-gaf1fc19f1b (webtiles) character file.

Game seed: 18172201184098383510

6 Sabo the Skirmisher (level 1, 20/20 HPs)
             Began as a Hill Orc Fighter on June 3, 2022.
             Was a Follower of Sif Muna.
             Got out of the dungeon alive.
             The game lasted 00:03:54 (502 turns).

Sabo the Skirmisher (Hill Orc Fighter)               Turns: 502, Time: 00:03:54

Health: 20/20      AC: 10    Str: 18    XL:     1   Next: 90%
Magic:  1/1        EV:  9    Int:  8    God:    Sif Muna [*.....]
Gold:   40         SH:  4    Dex: 10    Spells: 0/0 levels left

rFire   . . .      SeeInvis .   a - +0 war axe
rCold   . . .      Faith    .   c - +0 buckler
rNeg    . . .      Spirit   .   b - +0 scale mail
rPois   .          Reflect  .   (no helmet)
rElec   .          Harm     .   (no cloak)
rCorr   .          Rampage  .   h - +2 pair of gloves
Will    .....                   (no boots)
Stlth   ..........              (no amulet)
HPRegen 0.06/turn               (no ring)
MPRegen 0.07/turn               (no ring)

@: no status effects
A: no striking features
a: Renounce Religion, Channel Magic


You escaped.
You worshipped Sif Muna.
Sif Muna was aware of your devotion.
You visited 1 branch of the dungeon, and saw 1 of its levels.

You collected 40 gold pieces.

Inventory:

Hand Weapons
 a - a +0 war axe (weapon)
Armour
 b - a +0 scale mail (worn)
 c - a +0 buckler (worn)
 h - a +2 pair of gloves (worn)
Scrolls
 f - a scroll of teleportation {unknown}
 g - 2 scrolls of vulnerability {unknown}
 i - a scroll of blinking {unknown}
Potions
 d - 2 potions of might
 e - a potion of lignification {unknown}


   Skills:
 + Level 4.0 Fighting
 + Level 2.7 Axes
 + Level 3.3 Armour
 + Level 3.3 Shields


You couldn't memorise any spells.
You didn't know any spells.
Your spell library was empty.

Dungeon Overview and Level Annotations

Branches:
Dungeon (1/15)

Altars:
Sif Muna


Message History

You hit the endoplasm.
The endoplasm is moderately wounded.
The endoplasm barely misses you. x2
You slash the endoplasm!
You kill the endoplasm!
Found a pair of gloves.
Found a pair of embroidered gloves.
You see here a +0 pair of gloves.
You see here a +2 pair of gloves.
h - a +2 pair of gloves You start putting on your armour.
You continue putting on your +2 pair of gloves. x4
You finish putting on your +2 pair of gloves.
An endoplasm comes into view.
The endoplasm quivers.
The endoplasm freezes you.
You are frozen.
You hit the endoplasm but do no damage. The endoplasm hits you.
The endoplasm hits you but does no damage.
You slash the endoplasm!
You kill the endoplasm!
Your Fighting skill increases to level 4!
You start resting.
HP restored.
Found 12 gold pieces.
Found a faded altar of an unknown god.
Found 17 stones.
There is a faded altar of an unknown god here.
You cannot tell which god this altar belongs to.
Convert to them anyway?
Sif Muna accepts your prayer! Sif Muna welcomes you!
You can now call upon Sif Muna for magical energy.
Okay, then.
You now have 40 gold pieces (gained 12).
Found a scroll labelled AROMUETRAE.
i - a scroll labelled AROMUETRAE
There is a staircase leading out of the dungeon here.
You can't go down here!
Are you sure you want to leave the Dungeon?
This will make you lose the game!
You have escaped!

..#.##.##♣.......♣
###.##.##♣.......♣
............♣.♣..♣
######.#.....⌠...♣
# #.#....♣.♣..♣ #
#.##♣......♣♣ #
#...♣......#♣ #
####♣♣......♣
######## ♣♣..♣.@♣
.......# ♣♣♣#♣♣#
######.# .......#
#####..# #####...#
##......#
##.##...#
##.##.###


There were no monsters in sight!

Vanquished Creatures
  2 bats (D:1)
  2 endoplasms (D:1)
  A hobgoblin (D:1)
5 creatures vanquished.

Notes
Turn   | Place    | Note
-------+----------+-------------------------------------------
     0 | D:1      | Sabo the Hill Orc Fighter began the quest for the Orb.
     0 | D:1      | Reached XP level 1. HP: 19/19 MP: 1/1
   366 | D:1      | Reached skill level 4 in Fighting
   418 | D:1      | Found a faded altar of an unknown god.
   423 | D:1      | Prayed at the altar of an unknown god.
   423 | D:1      | Became a worshipper of Sif Muna the Loreminder
   423 | D:1      | Reached * piety under Sif Muna
   502 | D:$      | Got out of the dungeon alive.

Illustrated notes

Levels and vault maps discovered:
D:1:      amcnicky_arrival_underground_garden, layout_loops_cross,
          chequers_ecumenical_altar_grove, minmay_misc_feat_tiny

Skill      XL: |  1 |
---------------+----+-----
Fighting       | 4 |  4.0
Axes           | |  2.7
Armour         | |  3.3
Shields        | |  3.3

Action                   || total
-------------------------++-------
Melee: War axe           ||    28
Armor: Scale mail        ||    21
Dodge: Dodged            ||    25
Block: Buckler           ||     9

Table legend: (Time is in decaauts)
 A = Elapsed time spent in this place.
 B = Non-inter-level travel time spent in this place.
 C = Inter-level travel time spent in this place.
 D = Time resting spent in this place.
 E = Time spent auto-exploring this place.
 F = Levels seen in this place.
 G = Mean time per level.
                   A        B        C        D        E       F      G
               +--------+--------+--------+--------+--------+-----+--------+
         Total |    513 |    513 |      0 |     64 |      0 |   1 |  513.0 |
       Dungeon |    513 |    513 |      0 |     64 |      0 |   1 |  513.0 |
               +--------+--------+--------+--------+--------+-----+--------+

Top non-repeatable levels by time:
     D:1: 513 daAuts
